| TOP OF THE 1ST |
|
Tacoma Rainiers batting - Pitching for Durham Bulls : RHP Chet Tague
|
|
Pitching: RHP Chet Tague
|
|
|
Batting: RHB Steve Martin
|
0-0: Ball 1-0: Ball 2-0: Ball 3-0: Foul Ball, location: 2F 3-1: Base on Balls
|
|
Batting: RHB Josh Ruhl
|
0-0: Hit by Pitch Steve Martin to second
|
|
Batting: SHB Ray Skogen
|
0-0: Foul Ball, location: 2F 0-1: Foul Ball, location: 2F 0-2: Ball 1-2: Ball 2-2: Grounds into double play, 4-6-3 (Groundball, 34, EV 85.0 MPH) Steve Martin to third
|
|
Batting: LHB Josh Pittman
|
0-0: Foul Ball, location: 2F 0-1: Fly out, F7 (Flyball, 78M, EV 77.5 MPH)
|
| Top of the 1st over - 0 runs, 0 hits, 0 errors, 1 left on base; Tacoma 0 - Durham 0 |
| BOTTOM OF THE 1ST |
|
Durham Bulls batting - Pitching for Tacoma Rainiers : RHP Tyler Rayner
|
|
Pitching: RHP Tyler Rayner
|
|
|
Batting: RHB Jonathan Fraire
|
0-0: Foul Ball, location: 2F 0-1: Swinging Strike 0-2: Ball 1-2: Ground out 6-3 (Groundball, 6, EV 85.6 MPH)
|
|
Batting: LHB Jake Rheaume
|
0-0: Ball 1-0: Ball 2-0: Ball 3-0: Base on Balls
|
|
Batting: LHB Davion Lewis
|
0-0: Foul Ball, location: 2F 0-1: Ball 1-1: Swinging Strike 1-2: Ball 2-2: Ball 3-2: Ground out 6-3 (Groundball, 6, EV 103.1 MPH) Jake Rheaume to second
|
|
Batting: RHB Kevin Benfield
|
0-0: Called Strike 0-1: Ball 1-1: Ball 2-1: Foul Ball, location: 2F 2-2: Foul Ball, location: 2F 2-2: Foul Ball, location: 2F 2-2: Ground out U3 (Groundball, 3L, EV 103.8 MPH)
|
| Bottom of the 1st over - 0 runs, 0 hits, 0 errors, 1 left on base; Tacoma 0 - Durham 0 |
| TOP OF THE 2ND |
|
Tacoma Rainiers batting - Pitching for Durham Bulls : RHP Chet Tague
|
|
Batting: LHB Ryan Lowe
|
0-0: Called Strike 0-1: SINGLE (Flyball, 6D, EV 86.9 MPH)
|
|
Batting: RHB Zach Downs
|
0-0: Ball 1-0: Called Strike 1-1: Ball 2-1: SINGLE (Groundball, 34D, EV 97.5 MPH) Ryan Lowe to second Runner from 2nd tries for 3rd, SAFE, no throw by RF
|
|
Batting: RHB Max Schellekens
|
0-0: Foul Ball, location: 2F 0-1: Foul Ball, location: 2F 0-2: Ball 1-2: Ball 2-2: Foul Ball, location: 2F 2-2: Foul Ball, location: 2F 2-2: Foul Ball, location: 2F 2-2: Ground out U3 (Groundball, 3S, EV 67.5 MPH) Ryan Lowe scores Zach Downs to second
|
|
Batting: RHB Hideo Okimura
|
0-0: Called Strike 0-1: Foul Ball, location: 2F 0-2: Ground out 6-3 (Groundball, 6, EV 86.2 MPH)
|
|
Pitching: RHP Luis Cubero
|
|
|
Batting: RHB Jeff Cox
|
0-0: Foul Ball, location: 2F 0-1: Swinging Strike 0-2: Ball 1-2: Strikes out looking
|
| Top of the 2nd over - 1 run, 2 hits, 0 errors, 1 left on base; Tacoma 1 - Durham 0 |
| BOTTOM OF THE 2ND |
|
Durham Bulls batting - Pitching for Tacoma Rainiers : RHP Tyler Rayner
|
|
Batting: RHB Sesto Carpini
|
0-0: Fly out, F4 (Line Drive, 4M, EV 68.1 MPH)
|
|
Batting: RHB Jose Arriola
|
0-0: Fly out, F9 (Flyball, 9D, EV 92.5 MPH)
|
|
Batting: RHB Paul Landes
|
0-0: Ball 1-0: Foul Ball, location: 2F 1-1: Called Strike 1-2: Strikes out swinging
|
| Bottom of the 2nd over - 0 runs, 0 hits, 0 errors, 0 left on base; Tacoma 1 - Durham 0 |
| TOP OF THE 3RD |
|
Tacoma Rainiers batting - Pitching for Durham Bulls : RHP Luis Cubero
|
|
Batting: RHB Steve Martin
|
0-0: Ball 1-0: Foul Ball, location: 2F 1-1: Fly out, F9 (Flyball, 9LSF, EV 86.2 MPH)
|
|
Batting: RHB Josh Ruhl
|
0-0: Ball 1-0: SINGLE (Groundball, 6MD, EV 97.5 MPH)
|
|
Batting: SHB Ray Skogen
|
0-0: Ball 1-0: SINGLE (Flyball, 8RS, EV 96.2 MPH) Josh Ruhl to second Runner from 2nd tries for 3rd, OUT! 8-5
|
|
Batting: LHB Josh Pittman
|
0-0: Ball 1-0: Called Strike 1-1: Ball Ray Skogen is caught stealing 2nd base 2-6
|
| Top of the 3rd over - 0 runs, 2 hits, 0 errors, 0 left on base; Tacoma 1 - Durham 0 |
| BOTTOM OF THE 3RD |
|
Durham Bulls batting - Pitching for Tacoma Rainiers : RHP Tyler Rayner
|
|
Batting: RHB Freddy Mullen
|
0-0: Ball 1-0: Foul Ball, location: 2F 1-1: Foul Ball, location: 2F 1-2: Strikes out swinging
|
|
Batting: RHB John Downing
|
0-0: Ball 1-0: Ball 2-0: Swinging Strike 2-1: Ground out 1-3 (Groundball, 13S, EV 61.2 MPH)
|
|
Batting: RHB Jonathan Fraire
|
0-0: Ball 1-0: Ball 2-0: Called Strike 2-1: SINGLE (Groundball, 13S, EV 71.2 MPH) (infield hit)
|
|
Batting: LHB Jake Rheaume
|
0-0: Ball 1-0: Ball Jonathan Fraire steals 2nd base 2-0: Ball 3-0: Called Strike 3-1: Foul Ball, location: 2F 3-2: Ground out 4-3 (Groundball, 4D, EV 85.6 MPH)
|
| Bottom of the 3rd over - 0 runs, 1 hit, 0 errors, 1 left on base; Tacoma 1 - Durham 0 |
| TOP OF THE 4TH |
|
Tacoma Rainiers batting - Pitching for Durham Bulls : RHP Luis Cubero
|
|
Batting: LHB Josh Pittman
|
0-0: Called Strike 0-1: Foul Ball, location: 2F 0-2: Foul Ball, location: 2F 0-2: Ball 1-2: Strikes out looking
|
|
Batting: LHB Ryan Lowe
|
0-0: Ball 1-0: Ball 2-0: Ball 3-0: Base on Balls
|
|
Batting: RHB Zach Downs
|
0-0: Called Strike 0-1: Ball 1-1: Ball 2-1: Foul Ball, location: 2F 2-2: SINGLE (Groundball, 6D, EV 96.2 MPH) Ryan Lowe to second
|
|
Batting: RHB Max Schellekens
|
0-0: Called Strike 0-1: Called Strike 0-2: Fly out, F8 (Flyball, 89S, EV 76.9 MPH)
|
|
Batting: RHB Hideo Okimura
|
0-0: Swinging Strike 0-1: Swinging Strike 0-2: Foul Ball, location: 2F 0-2: Strikes out swinging
|
| Top of the 4th over - 0 runs, 1 hit, 0 errors, 2 left on base; Tacoma 1 - Durham 0 |
| BOTTOM OF THE 4TH |
|
Durham Bulls batting - Pitching for Tacoma Rainiers : RHP Tyler Rayner
|
|
Batting: LHB Davion Lewis
|
0-0: Ball 1-0: Ground out 1-3 (Groundball, 13, EV 70.6 MPH)
|
|
Batting: RHB Kevin Benfield
|
0-0: Called Strike 0-1: TRIPLE (Flyball, 9D, EV 108.8 MPH)
|
|
Batting: RHB Sesto Carpini
|
0-0: Swinging Strike 0-1: SINGLE (Line Drive, 4MD, EV 94.4 MPH) Kevin Benfield scores
|
|
Batting: RHB Jose Arriola
|
0-0: Ball 1-0: Called Strike 1-1: Reached on error, E1 (Groundball, P, EV 72.5 MPH) Sesto Carpini to second
|
|
Batting: RHB Paul Landes
|
0-0: Grounds into double play, 5-4-3 (Groundball, 56S, EV 79.4 MPH)
|
| Bottom of the 4th over - 1 run, 2 hits, 1 error, 1 left on base; Tacoma 1 - Durham 1 |
| TOP OF THE 5TH |
|
Tacoma Rainiers batting - Pitching for Durham Bulls : RHP Luis Cubero
|
|
Batting: RHB Jeff Cox
|
0-0: Ball 1-0: Foul Ball, location: 2F 1-1: Foul Ball, location: 2F 1-2: Strikes out swinging
|
|
Batting: RHB Steve Martin
|
0-0: Ball 1-0: Ball 2-0: Called Strike 2-1: Swinging Strike 2-2: Ball 3-2: Foul Ball, location: 2F 3-2: Foul Ball, location: 2F 3-2: Ground out 4-3 (Groundball, 4, EV 86.9 MPH)
|
|
Batting: RHB Josh Ruhl
|
0-0: Foul Ball, location: 2F 0-1: Ball 1-1: Ball 2-1: Ball 3-1: Called Strike 3-2: Foul Ball, location: 2F 3-2: Ground out 5-3 (Groundball, 56S, EV 83.8 MPH)
|
| Top of the 5th over - 0 runs, 0 hits, 0 errors, 0 left on base; Tacoma 1 - Durham 1 |
| BOTTOM OF THE 5TH |
|
Durham Bulls batting - Pitching for Tacoma Rainiers : RHP Tyler Rayner
|
|
Batting: RHB Freddy Mullen
|
0-0: Called Strike 0-1: Fly out, F8 (Flyball, 78D, EV 103.8 MPH)
|
|
Batting: RHB John Downing
|
0-0: Ball 1-0: Ball 2-0: Foul Ball, location: 2F 2-1: Foul Ball, location: 2F 2-2: Strikes out swinging
|
|
Batting: RHB Jonathan Fraire
|
0-0: Ball 1-0: Fly out, F8 (Flyball, 8LXD, EV 87.5 MPH)
|
| Bottom of the 5th over - 0 runs, 0 hits, 0 errors, 0 left on base; Tacoma 1 - Durham 1 |
| TOP OF THE 6TH |
|
Tacoma Rainiers batting - Pitching for Durham Bulls : RHP Luis Cubero
|
|
Batting: SHB Ray Skogen
|
0-0: Foul Ball, location: 2F 0-1: Swinging Strike 0-2: Strikes out swinging
|
|
Batting: LHB Josh Pittman
|
0-0: Called Strike 0-1: Called Strike 0-2: Strikes out swinging
|
|
Pitching: LHP Sam Wesman
|
|
|
Batting: LHB Ryan Lowe
|
0-0: Called Strike 0-1: Ball 1-1: Foul Ball, location: 2F 1-2: Strikes out swinging
|
| Top of the 6th over - 0 runs, 0 hits, 0 errors, 0 left on base; Tacoma 1 - Durham 1 |
| BOTTOM OF THE 6TH |
|
Durham Bulls batting - Pitching for Tacoma Rainiers : RHP Tyler Rayner
|
|
Batting: LHB Jake Rheaume
|
0-0: Ground out 5-3 (Groundball, 5L, EV 85.6 MPH)
|
|
Batting: LHB Davion Lewis
|
0-0: Ball 1-0: Swinging Strike 1-1: Foul Ball, location: 2F 1-2: Strikes out swinging
|
|
Batting: RHB Kevin Benfield
|
0-0: Called Strike 0-1: Swinging Strike 0-2: Ball 1-2: Hit by Pitch
|
|
Batting: RHB Sesto Carpini
|
0-0: Ground out 4-3 (Groundball, 34S, EV 91.9 MPH)
|
| Bottom of the 6th over - 0 runs, 0 hits, 0 errors, 1 left on base; Tacoma 1 - Durham 1 |
| TOP OF THE 7TH |
|
Tacoma Rainiers batting - Pitching for Durham Bulls : LHP Sam Wesman
|
|
Batting: RHB Zach Downs
|
0-0: Foul Ball, location: 2F 0-1: Ball 1-1: Ball 2-1: Foul Ball, location: 2F 2-2: Strikes out looking
|
|
Batting: RHB Max Schellekens
|
0-0: Ball 1-0: Foul Ball, location: 2F 1-1: Ball 2-1: DOUBLE (Line Drive, 89M, EV 97.5 MPH)
|
|
Batting: RHB Hideo Okimura
|
0-0: SINGLE (Line Drive, 8RS, EV 88.1 MPH) Max Schellekens to third
|
|
Batting: RHB Jeff Cox
|
0-0: Ball 1-0: Ball 2-0: Ball 3-0: Base on Balls Hideo Okimura to second
|
|
Batting: RHB Steve Martin
|
0-0: Ball 1-0: Foul Ball, location: 2F 1-1: Swinging Strike 1-2: Strikes out swinging
|
|
Batting: RHB Josh Ruhl
|
0-0: Foul Ball, location: 2F 0-1: Called Strike 0-2: Ball 1-2: Ball 2-2: Ball 3-2: Strikes out swinging
|
| Top of the 7th over - 0 runs, 2 hits, 0 errors, 3 left on base; Tacoma 1 - Durham 1 |
| BOTTOM OF THE 7TH |
|
Durham Bulls batting - Pitching for Tacoma Rainiers : RHP Tyler Rayner
|
|
Batting: RHB Jose Arriola
|
0-0: Foul Ball, location: 2F 0-1: SINGLE (Groundball, 6MD, EV 103.8 MPH)
|
|
Batting: RHB Paul Landes
|
0-0: Ball 1-0: Swinging Strike 1-1: Ball 2-1: Swinging Strike 2-2: Ball 3-2: Foul Ball, location: 2F 3-2: SINGLE (Groundball, 4MD, EV 108.8 MPH) Jose Arriola to second
|
|
Batting: RHB Freddy Mullen
|
0-0: Sac Bunt to 15 - play at first, batter OUT! 1-4 Jose Arriola to third Paul Landes to second
|
|
Batting: RHB John Downing
|
0-0: Fly out, F8 (Flyball, 8LXD, EV 92.5 MPH) Runner from 3rd tags up, SCORES, no throw by CF
|
|
Batting: RHB Jonathan Fraire
|
0-0: Ball 1-0: Called Strike 1-1: Called Strike 1-2: Ball 2-2: Foul Ball, location: 2F 2-2: Ball 3-2: Strikes out looking
|
| Bottom of the 7th over - 1 run, 2 hits, 0 errors, 1 left on base; Tacoma 1 - Durham 2 |
| TOP OF THE 8TH |
|
Tacoma Rainiers batting - Pitching for Durham Bulls : LHP Sam Wesman
|
|
Pitching: LHP Parker Martinet
|
|
|
Batting: SHB Ray Skogen
|
0-0: Called Strike 0-1: SINGLE (Groundball, 56, EV 80.0 MPH) (infield hit)
|
|
Pinch Hitting: RHB Brad Robidas
|
0-0: Foul Ball, location: 2F 0-1: Grounds into double play, 4-6-3 (Groundball, 34S, EV 82.5 MPH)
|
|
Batting: LHB Ryan Lowe
|
0-0: Ball 1-0: Ball 2-0: Called Strike 2-1: Foul Ball, location: 2F 2-2: Ball 3-2: Fly out, F6 (Line Drive, 6M, EV 68.8 MPH)
|
| Top of the 8th over - 0 runs, 1 hit, 0 errors, 0 left on base; Tacoma 1 - Durham 2 |
| BOTTOM OF THE 8TH |
|
Durham Bulls batting - Pitching for Tacoma Rainiers : RHP Tyler Rayner
|
|
Pitching: RHP Jace Daniels
|
|
|
Now at 3B: Brad Robidas
|
|
|
Now in LF: Ray Skogen
|
|
|
Batting: LHB Jake Rheaume
|
0-0: Ball 1-0: Ball 2-0: Ball 3-0: Called Strike 3-1: Base on Balls
|
|
Batting: LHB Davion Lewis
|
0-0: Ball 1-0: Called Strike 1-1: Ball Jake Rheaume steals 2nd base 2-1: Intentional Walk
|
|
Batting: RHB Kevin Benfield
|
0-0: Ball 1-0: Called Strike 1-1: Called Strike 1-2: Ball 2-2: Fly out, F8 (Flyball, 8LXD, EV 81.2 MPH) Runner from 2nd tags up, SAFE at 3rd, no throw by CF
|
|
Batting: RHB Sesto Carpini
|
0-0: Ball Wild Pitch! Jake Rheaume scores Davion Lewis to second 1-0: Foul Ball, location: 2F 1-1: Ball 2-1: Fly out, F4 (Popup, 13, EV 80.0 MPH)
|
|
Batting: RHB Jose Arriola
|
0-0: Ball 1-0: Fly out, F9 (Flyball, 9D, EV 81.9 MPH)
|
| Bottom of the 8th over - 1 run, 0 hits, 0 errors, 1 left on base; Tacoma 1 - Durham 3 |
| TOP OF THE 9TH |
|
Tacoma Rainiers batting - Pitching for Durham Bulls : LHP Parker Martinet
|
|
Pitching: RHP Cody Wilharm
|
|
|
Batting: RHB Zach Downs
|
0-0: Ball 1-0: Swinging Strike 1-1: Ball 2-1: Called Strike 2-2: Ball 3-2: Foul Ball, location: 2F 3-2: Foul Ball, location: 2F 3-2: Foul Ball, location: 2F 3-2: Ground out 5-3 (Groundball, 56, EV 108.1 MPH)
|
|
Pinch Hitting: LHB Jawad Fahad
|
0-0: Called Strike 0-1: Ball 1-1: Swinging Strike 1-2: Foul Ball, location: 2F 1-2: Strikes out swinging
|
|
Batting: RHB Hideo Okimura
|
0-0: Ball 1-0: Foul Ball, location: 2F 1-1: Swinging Strike 1-2: Foul Ball, location: 2F 1-2: Ball 2-2: Strikes out swinging
|
| Top of the 9th over - 0 runs, 0 hits, 0 errors, 0 left on base; Tacoma 1 - Durham 3 |
|